Map: Sueño eterno EE

Players

MrFercho - Winner!

  • Race: Zerg Zerg
  • League: Silver
  • Spawn Location: 7:00

Noel

  • Race: Terran Terran
  • League: Silver
  • Spawn Location: 1:00

VOD

Have the link to the VOD?

Description

Time

  • Played on: June 24, 2020, 8:46 p.m.
  • Length: 21:18
Show
View Real Time Build Order
Export as new Build Order

MrFercho Zerg - Winner!

Build Orders: Hatch First 

Get SALT Encoding   

  12  0:01  Drone  
  13  0:16  Overlord, Drone  
  14  0:34  Drone x2  
  16  0:51  Hatchery  
  16  0:53  Drone  
  16  1:09  Spawning Pool  
  15  1:11  Drone  
  15  1:15  Drone  
  17  1:21  Drone  
  17  1:24  Drone  
  19  1:34  Drone  
  19  1:38  Extractor  
  19  1:45  Drone  
  20  1:55  Drone  
  21  2:02  Queen  
  21  2:04  Overlord  
  23  2:10  Drone  
  23  2:13  Queen  
  23  2:14  Overlord  
  26  2:17  Drone  
  27  2:28  Drone x2  
  29  2:37  Drone  
  30  2:47  Drone x2  
  30  2:48  Drone  
  33  2:52  Queen  
  33  2:55  Lair  
  33  2:57  Drone  
  36  2:59  Drone  
  37  3:15  Extractor, Drone x5  
  37  3:19  Extractor  
  40  3:20  Roach Warren  
  40  3:22  Drone x2  
  40  3:23  Evolution Chamber  
  40  3:37  Drone x4  
  40  3:38  Spine Crawler  
  43  3:42  Spine Crawler  
  43  3:48  Drone x2  
  44  3:51  Drone, Spine Crawler  
  44  3:53  Spine Crawler  
  43  4:02  Drone  
  44  4:03  Overlord x2  
  44  4:04  Overlord  
  44  4:09  Zerg Missile Weapons Level 1  
  44  4:22  Overseer  
  44  4:28  Roach x5  
  54  4:36  Drone  
  55  4:49  Roach  
  55  4:50  Roach x4  
  55  4:52  Overlord x2  
  65  4:59  Hydralisk Den, Drone x3  
  67  5:36  Hydralisk  
  67  5:37  Hydralisk x3  
  67  5:41  Drone  
  76  5:43  Overlord x4  
  76  6:01  Hatchery  
  75  6:17  Drone x3  
  75  6:18  Drone  
  79  6:19  Drone  
  79  6:20  Drone  
  81  6:30  Extractor, Muscular Augments  
  81  6:31  Zerg Missile Weapons Level 2  
  80  6:37  Evolution Chamber  
  79  6:41  Spore Crawler  
  79  6:43  Spore Crawler  
  79  6:44  Drone x2  
  69  7:10  Roach x3  
  69  7:11  Overlord x2, Roach  
  77  7:28  Hatchery  
  76  7:30  Hatchery, Drone  
  76  7:31  Drone x3  
  76  7:36  Extractor  
  78  7:40  Extractor  
  78  7:41  Grooved Spines  
  77  7:49  Lurker Den  
  77  7:50  Drone x2  
  78  7:51  Drone  
  78  7:52  Drone x2  
  78  7:56  Drone x5  
  86  8:09  Drone x4  
  90  8:17  Hydralisk x5  
  100  8:20  Overlord  
  100  8:35  Overlord x3  
  100  8:57  Hydralisk  
  100  8:58  Hydralisk x12  
  126  9:18  Queen  
  126  9:22  Drone x5  
  126  9:23  Drone x8  
  141  9:35  Zergling x2  
  141  9:36  Zergling x4  
  144  9:39  Hatchery  
  143  9:46  Drone  
  143  9:47  Drone x5  
  143  9:48  Drone x5  
  143  9:49  Drone x3  
  157  10:10  Extractor  
  157  10:12  Extractor  
  155  10:27  Hydralisk x9  
  173  10:47  Overlord x4  
  173  10:48  Overlord x5  
  173  10:49  Overlord x3  
  172  11:18  Hydralisk x6  
  172  11:19  Hydralisk x7  
  198  11:27  Infestation Pit  
  198  11:31  Zerg Ground Armor Level 1  
  197  11:45  Hydralisk  
  198  12:17  Hydralisk  
  200  12:25  Hydralisk x3  
  200  12:26  Hydralisk  
  200  12:27  Hydralisk x3  
  200  12:28  Hydralisk  
  200  12:30  Pneumatized Carapace  
  200  12:33  Hydralisk x6  
  200  12:34  Hydralisk  
  199  12:37  Hydralisk  
  140  13:27  Hive  
  140  13:32  Hydralisk x14  
  140  13:33  Hydralisk x11  
  172  14:17  Zerg Ground Armor Level 2  
  172  14:31  Hydralisk x9  
  172  14:32  Hydralisk x5  
  200  14:40  Hydralisk Den  
  179  15:04  Hydralisk x5  
  179  15:05  Hydralisk x7  
  179  15:09  Hatchery  
  142  15:21  Lurker  
  142  15:22  Lurker x9  
  142  15:27  Lurker  
  142  15:28  Lurker x2  
  137  15:29  Hydralisk x2  
  137  15:30  Hydralisk x11  
  155  15:37  Spire  
  155  15:40  Drone x2  
  155  15:41  Queen  
  156  16:02  Seismic Spines  
  156  16:03  Hydralisk x3  
  162  16:04  Hydralisk  
  162  16:07  Zergling x18  
  173  16:12  Metabolic Boost  
  173  16:17  Zerg Melee Weapons Level 1  
  173  16:25  Hydralisk  
  173  16:26  Hydralisk x2  
  173  16:28  Hydralisk  
  173  16:32  Zergling x12  
  187  16:49  Drone  
  187  16:50  Drone x12  
  200  16:57  Extractor  
  199  17:07  Extractor  
  171  17:31  Hydralisk x5  
  171  17:32  Hydralisk x10  
  171  17:35  Lair  
  199  17:40  Spire  
  195  17:45  Spawning Pool  
  193  17:54  Hydralisk x4  
  192  18:25  Hydralisk x4  
  198  18:46  Hatchery  
  187  19:35  Overlord x4  
  187  19:36  Overlord x3  
  187  19:37  Overlord  
  187  20:17  Corruptor x3  
  193  20:27  Corruptor x3  
  199  20:40  Overseer x4  
  199  20:41  Overseer x4  
Show
View Real Time Build Order
Export as new Build Order

Noel Terran 

Build Orders:  

Get SALT Encoding   

  12  0:06  SCV  
  13  0:15  Supply Depot  
  13  0:20  SCV  
  14  0:32  SCV  
  15  0:40  Barracks  
  15  0:44  SCV  
  16  0:52  Refinery  
  16  0:56  SCV  
  17  1:08  SCV  
  18  1:33  Marine  
  18  1:37  Supply Depot  
  19  1:41  Command Center  
  19  1:50  Orbital Command  
  19  2:16  Factory  
  19  2:21  Barracks Reactor  
  19  2:23  Bunker  
  19  2:28  SCV  
  20  2:40  SCV  
  21  2:52  SCV  
  22  2:59  Supply Depot  
  22  3:02  Marine x2  
  22  3:04  SCV  
  25  3:07  Factory Reactor  
  25  3:19  Marine  
  25  3:20  Marine, Orbital Command  
  25  3:22  Engineering Bay  
  27  3:28  Refinery  
  27  3:29  SCV  
  28  3:41  SCV  
  28  3:42  Starport  
  28  3:46  Armory  
  29  3:51  SCV  
  29  3:53  SCV  
  31  4:01  Marine x2  
  33  4:04  Supply Depot, SCV  
  33  4:05  SCV  
  35  4:19  Viking  
  37  4:25  Hellion  
  37  4:26  Hellion  
  41  4:34  SCV  
  41  4:35  SCV  
  43  4:39  Marine  
  44  4:46  Hellion, SCV  
  44  4:47  Hellion, SCV  
  50  4:58  SCV  
  51  5:06  Fusion Core  
  51  5:08  Hellbat x2  
  51  5:10  SCV  
  56  5:14  Marine x2  
  56  5:16  Starport  
  56  5:17  Barracks  
  58  5:29  Hellbat  
  58  5:30  Hellbat  
  62  5:42  Starport Tech Lab  
  62  5:58  Factory  
  62  6:02  Hellbat x2, Marine x2, SCV  
  69  6:06  Supply Depot  
  69  6:08  Supply Depot  
  69  6:10  Supply Depot  
  69  6:11  Terran Vehicle And Ship Armor Level 1  
  69  6:12  Starport Tech Lab  
  69  6:14  Barracks Tech Lab, SCV  
  70  6:28  Marine x2  
  70  6:29  Supply Depot  
  70  6:31  Supply Depot  
  72  6:33  Refinery  
  72  6:35  Supply Depot, SCV  
  75  6:40  Hellbat x2  
  75  6:46  Marine  
  78  6:48  SCV  
  78  6:51  Refinery  
  79  7:00  SCV  
  60  7:13  Factory Tech Lab  
  60  7:16  Battlecruiser  
  60  7:22  Marine  
  67  7:24  Marine x2  
  69  7:34  SCV  
  70  7:40  Marine  
  70  7:42  Marine x2, Battlecruiser  
  79  7:46  SCV  
  79  7:49  SCV  
  79  7:50  Terran Infantry Armor Level 1  
  81  7:57  Marine  
  83  7:58  SCV  
  83  8:00  Marine x2  
  83  8:01  SCV  
  86  8:13  Terran Vehicle Weapons Level 1  
  86  8:15  Barracks, Marine  
  86  8:17  Barracks  
  86  8:18  Marine x2  
  89  8:33  Marine  
  90  8:35  Marine  
  90  8:36  Marine, Factory Tech Lab  
  92  8:42  Siege Tank  
  95  8:49  Battlecruiser  
  95  8:51  Marine  
  98  9:00  Medivac  
  100  9:05  Barracks Reactor  
  100  9:07  Barracks Reactor  
  100  9:12  Marine x2  
  102  9:26  Command Center  
  102  9:29  Marine  
  102  9:30  Medivac, Marine x2  
  107  9:44  Terran Infantry Weapons Level 1  
  107  9:46  Marine  
  107  9:48  Marine  
  109  9:53  Medivac  
  111  10:00  Command Center  
  111  10:01  Refinery  
  111  10:02  SCV, Missile Turret  
  111  10:04  Refinery  
  111  10:05  SCV  
  113  10:08  Refinery  
  113  10:15  SCV  
  113  10:17  SCV  
  113  10:21  Missile Turret  
  115  10:23  Missile Turret  
  115  10:27  SCV  
  116  10:29  Missile Turret, SCV  
  117  10:38  Battlecruiser  
  117  10:39  Starport, SCV  
  117  10:40  Starport  
  117  10:41  SCV  
  125  10:43  Battlecruiser  
  131  10:50  Marine x2  
  133  11:11  Marine x3, SCV x2  
  137  11:18  Starport Tech Lab  
  137  11:21  Starport Tech Lab  
  136  11:29  Planetary Fortress  
  136  11:53  Supply Depot  
  136  11:56  Supply Depot  
  136  11:57  Bunker, Supply Depot  
  136  12:01  Supply Depot x2  
  136  12:03  Supply Depot  
  136  12:11  SCV  
  136  12:14  Battlecruiser x2  
  148  12:23  SCV  
  101  12:54  Marine x5  
  101  12:55  Marine x2  
  101  12:58  Thor  
  107  13:12  Marine x6  
  108  13:13  Marine  
  111  13:21  Battlecruiser  
  117  13:29  Marine  
  117  13:30  Marine x6  
  124  13:41  Thor  
  130  13:47  Marine x2  
  130  13:48  Marine x5  
  137  14:18  Command Center  
  137  14:23  Thor  
  143  14:51  SCV  
  144  14:54  Refinery x2  
  129  15:03  SCV  
  95  15:15  SCV  
  87  15:25  Marine x3  
  87  15:26  Marine x3  
  87  15:28  SCV  
  93  15:40  SCV  
  94  15:53  SCV  
  95  16:05  SCV  
  96  16:17  SCV  
  97  16:37  Command Center  
  97  16:43  Weapon Refit  
  97  17:06  Refinery  
  68  17:25  Marine x3  
  68  17:26  Marine x2  
  36  19:13  Orbital Command  
    19:40  SCV  
  1  19:52  SCV  
  2  19:57  Starport Tech Lab  
  2  19:59  Starport Tech Lab  
  2  20:04  SCV  
  3  20:16  SCV  
  4  20:27  Supply Depot  
  4  20:28  SCV  
  5  20:40  SCV  
  6  20:50  Supply Depot  
  6  20:52  Barracks, SCV  
  7  21:04  SCV  
Tags
 
Matchup
TvZ
Replay Pack
MrFercho
Spawn Locations
Cross Positions
Add a new tag
Caveats
  • Supply blocks, unpowered buildings, or Contaminate may cause inaccurate times.
  • Supply counts are checked every 10 seconds.